AoeStats
← 牛欢喜

African Clearing

505501825Analyzed
4v4 RM · 22d ago on Sep 9, 2026· 51m 15s· 8 players
Game mode
Random Map
Map size
Large (8 player)
Population
200
Speed
Normal
Resources
Standard
Victory
Conquest
Starting age
Dark Age
Ending age
Imperial Age
RankedLock teamsTeams togetherTeam positionsShared explorationLock speedFull tech treeHidden civsTurbo modeCheats
Victory
Defeat
🇨🇳 Turks · China
1594
+17
🇨🇳 Huns · China
1568
+18
🇨🇳 Maya · China
1528
+19
🇧🇪 Japanese · Belgium
1512
+20
🇬🇪 Jurchens · Georgia
1643
-21
🇬🇪 Huns · Georgia
1604
-18
🇬🇪 Persians · Georgia
1591
-18
🇬🇪 Berbers · Georgia
1575
-17
Whop
14:27 Feudal Age
12:42 Loom
14:54 Double-Bit Axe
20:12 Fishing Lines
23:49 Castle Age
23:22 Fletching
23:33 Gold Mining
23:35 Stone Mining
24:27 Pikeman
25:37 Gillnets
26:52 Town Watch
27:45 Gold Shaft Mining
28:15 Wheelbarrow
28:49 Bow Saw
29:19 Elite Skirmisher
29:56 Bodkin Arrow
30:02 Padded Archer Armor
31:55 Thumb Ring
32:39 Scale Mail Armor
32:31 Horse Collar
33:32 Ballistics
34:11 Chain Mail Armor
34:06 Forging
35:33 Murder Holes
36:38 Guard Tower
36:57 Yasama
38:00 Hand Cart
39:24 Leather Archer Armor
39:47 Iron Casting
45:01 Imperial Age
43:06 Heavy Plow
43:50 Scale Barding Armor
44:45 Masonry
44:18 Treadmill Crane
45:15 Bloodlines
45:06 Husbandry
47:01 Keep
47:34 Capped Ram
49:05 Plate Mail Armor
49:35 Blast Furnace
48:36 Bracer
49:43 Blast Furnace
49:13 Plate Mail Armor
51:35 Ring Archer Armor
51:16 Siege Engineers
牛欢喜
3:28 Loom
30:49 Feudal Age
32:16 Double-Bit Axe
32:15 Horse Collar
34:58 Castle Age
32:59 Stone Mining
35:53 Wheelbarrow
36:19 Bow Saw
36:10 Heavy Plow
37:20 Hand Cart
40:15 Town Watch
41:21 Forging
45:59 Imperial Age
43:41 Gold Mining
44:53 Marauders
45:01 Scale Barding Armor
45:44 Bloodlines
45:35 Husbandry
46:14 Iron Casting
46:45 Chain Barding Armor
46:02 Light Cavalry
46:06 Elite Tarkan
47:12 Conscription
47:41 Guilds
49:20 Blast Furnace
50:24 Plate Barding Armor
50:15 Caravan
Bz_青红
12:06 Feudal Age
16:10 Castle Age
15:35 Double-Bit Axe
15:39 Loom
15:40 Town Watch
15:41 Horse Collar
19:32 Fletching
20:43 Bow Saw
21:38 Heavy Plow
23:09 Bodkin Arrow
24:10 Padded Archer Armor
30:45 Ballistics
37:01 Wheelbarrow
40:27 Imperial Age
39:17 Gold Mining
40:33 Elite Plumed Archer
41:34 Conscription
41:16 Bracer
42:50 Chemistry
42:06 Capped Ram
45:59 Leather Archer Armor
48:20 Ring Archer Armor
48:21 Siege Ram
52:06 Wheelbarrow
咸酸菜
7:54 Loom
11:20 Feudal Age
12:02 Double-Bit Axe
15:29 Forging
17:52 Scale Barding Armor
19:46 Bloodlines
24:25 Castle Age
25:34 Chain Barding Armor
37:04 Husbandry
37:51 Wheelbarrow
37:47 Bow Saw
37:42 Town Watch
37:39 Horse Collar
42:41 Imperial Age
40:12 Heavy Plow
41:14 Hand Cart
42:18 Iron Casting
42:53 Gold Mining
42:48 Heavy Camel Rider
44:26 Plate Barding Armor
44:51 Blast Furnace
51:16 Coinage
[TMG] roogg
11:51 Loom
13:58 Feudal Age
15:39 Double-Bit Axe
18:20 Castle Age
19:43 Bow Saw
19:41 Stone Mining
23:02 Fletching
26:45 Bodkin Arrow
29:29 Horse Collar
31:16 Padded Archer Armor
34:26 Wheelbarrow
35:27 Bloodlines
35:17 Husbandry
36:04 Leather Archer Armor
36:42 Hand Cart
39:56 Imperial Age
37:12 Town Watch
39:59 Ballistics
40:07 Thumb Ring
41:08 Conscription
41:11 Bracer
42:11 Ring Archer Armor
42:44 Chemistry
44:29 Elite Camel Archer
46:54 Scale Barding Armor
46:11 Light Cavalry
47:25 Forging
47:40 Heavy Camel Rider
48:41 Chain Barding Armor
49:08 Iron Casting
50:10 Plate Barding Armor
[TMG] purple
5:33 Loom
13:23 Feudal Age
17:24 Castle Age
15:51 Double-Bit Axe
17:03 Fletching
20:28 Bodkin Arrow
24:33 Thumb Ring
25:19 Padded Archer Armor
34:00 Ballistics
34:43 Bloodlines
37:17 Wheelbarrow
39:19 Leather Archer Armor
41:34 Hand Cart
48:07 Husbandry
52:10 Imperial Age
[TMG] sandriko
12:09 Feudal Age
14:21 Double-Bit Axe
16:42 Forging
17:18 Loom
23:29 Castle Age
22:45 Padded Archer Armor
24:32 Bow Saw
29:43 Horse Collar
31:10 Wheelbarrow
30:57 Gold Mining
33:57 Leather Archer Armor
35:48 Ballistics
37:48 Scale Barding Armor
44:19 Imperial Age
42:14 Scale Mail Armor
41:46 Pikeman
42:26 Squires
42:12 Arson
43:22 Iron Casting
44:03 Chain Mail Armor
44:52 Halberdier
46:50 Blast Furnace
46:20 Heavy Rocket Cart
[TMG] zv
4:46 Loom
35:55 Feudal Age
39:51 Castle Age
38:44 Double-Bit Axe
38:39 Horse Collar
41:09 Bow Saw
41:40 Heavy Plow
47:18 Pikeman
48:21 Scale Mail Armor
52:13 Imperial Age
50:53 Chain Mail Armor
Connection lost

Rejoining the realm…

Still unreachable

The connection could not be restored.

Session expired

The server has moved on; the page needs a fresh start.